Match 46411000
Unlisted

Match 46411000
End
Construct Barracks
Riflemen Squad
Riflemen Squad
Riflemen Squad
Grenade Package
Infantry Support Center
Engineer Squad
Construct Motor Pool
Mortar Pit
M8 Greyhound Armored Car
Selects Special Operations Battlegroup
Selects M29 Weasel Recon Vehicle
Selects P-47 Anti-Infantry Loiter
P-47 Anti-Infantry Loiter
Riflemen Squad
derank c[o]mpany
Commander Z
Kanade
Epinephrine
0
0

Comments sign in to comment!

No comments posted yet!